 Dungeon Crawl Stone Soup version 0.30.0-29-ga12c61a403 (webtiles) character file.

Game seed: 8596247589725943475

3315 monsoonserge the Trooper (level 10, -2/104 HPs)
             Began as an Ogre Cinder Acolyte on June 13, 2023.
             Was a High Priest of Ignis.
             Slain by an ogre
             ... wielding a +0 halberd
              (8 damage)
             ... in a bailey.
             The game lasted 00:28:13 (7449 turns).

monsoonserge the Trooper (Ogre Cinder Acolyte)      Turns: 7449, Time: 00:28:13

Health: -2/104     AC: 14    Str: 22    XL:     10   Next: 1%
Magic:  7/19       EV:  9    Int: 17    God:    Ignis [*****.]
Gold:   482        SH:  0    Dex:  4    Spells: 16/21 levels left

rFire   + . .        M - +4 quarterstaff (chaos)
rCold   . . .        (shield currently unavailable)
rNeg    . . .        E - +0 swamp dragon scales
rPois   +            (helmet restricted)
rElec   .            K - +0 cloak
rCorr   .            (gloves unavailable)
SInv    .            (boots unavailable)
Will    +....        (no amulet) Stlth
                     v - +4 ring of protection
HPRegen 0.37/turn    (no ring)
MPRegen 0.16/turn

%: no passive effects
@: no status effects
A: large, unfitting armour, tough skin 1
a: Renounce Religion, Fiery Armour, Foxfire Swarm, Rising Flame


You were in a bailey.
You worshipped Ignis.
Ignis was extremely pleased with you.
You visited 1 branch of the dungeon, and saw 7 of its levels.
You also visited: Bailey.

You collected 482 gold pieces.

Inventory:

Hand Weapons
 a - a -1 mace of flaming
 b - a +0 morningstar
 y - a +0 flail
 z - a +0 giant spiked club
 B - a +0 mace of holy wrath
 J - the +2 hammer "Jynaow Xixie" {drain, Str+2}
   (You found it on level 6 of the Dungeon)

   Str:       It affects your strength (+2).
 L - a +1 hammer of holy wrath
 M - a +4 quarterstaff of chaos (weapon)
 O - a +0 lajatang
Missiles
 t - 12 poisoned darts (quivered)
 x - 6 javelins
 N - a throwing net
Armour
 A - a +2 robe of positive energy
 D - a +2 robe of willpower
 E - +0 swamp dragon scales (worn)
 K - a +0 cloak (worn)
Magical Staves
 I - a staff of fire
Jewellery
 s - an amulet of guardian spirit
 v - a +4 ring of protection (left hand)
Wands
 n - a wand of flame (28)
 r - a wand of polymorph (16)
Scrolls
 c - a scroll of immolation {unknown}
 e - 5 scrolls of enchant armour {unknown}
 f - 6 scrolls of teleportation {unknown}
 g - a scroll of brand weapon {unknown}
 i - a scroll of blinking {unknown}
 k - 3 scrolls of enchant weapon {unknown}
 o - 2 scrolls of vulnerability {unknown}
 p - 2 scrolls of fog {unknown}
 q - 4 scrolls of amnesia {unknown}
 F - 2 scrolls of identify {unknown}
 G - a scroll of acquirement {unknown}
Potions
 d - 3 potions of curing {unknown}
 h - 2 potions of flight {unknown}
 j - 2 potions of berserk rage {unknown}
 l - 2 potions of attraction {unknown}
 m - a potion of haste
 u - a potion of heal wounds {unknown}
 w - a potion of cancellation {unknown}
 C - 2 potions of mutation {unknown}
 H - a potion of brilliance {unknown}


   Skills:
 + Level 7.7 Fighting
 + Level 6.3(6.4) Maces & Flails
 + Level 1.2(4.5) Staves
 * Level 3.1 Armour
 + Level 4.6 Dodging
 - Level 6.0 Spellcasting
 - Level 6.0 Fire Magic
 - Level 3.0 Air Magic
 - Level 1.0 Evocations


You had 16 spell levels left.
You knew the following spells:

 Your Spells              Type           Power      Damage    Failure   Level
a - Scorch                Fire           50%        2d7       2%          2
b - Swiftness             Air            15%        N/A       17%         3

Your spell library contained the following spells:

 Spells                   Type           Power      Damage    Failure   Level
 Shock                    Conj/Air       40%        1d5       11%         1
 Kiss of Death            Conj/Necr      20%        2d7       21%         1
 Summon Small Mammal      Summ           20%        N/A       21%         1
 Airstrike                Air            7%         2d(2-18)  50%         4
 Call Canine Familiar     Summ           5%         N/A       52%         3
 Confusing Touch          Hex            5%         N/A       52%         3
 Summon Guardian Golem    Hex/Summ       5%         N/A       52%         3
 Animate Armour           Summ/Erth      10%        N/A       89%         4
 Dispel Undead            Necr           5%         3d7       89%         4
 Blade Hands              Tmut           2%         N/A       99%         5
 Iron Shot                Conj/Erth      2%         9d2       100%        6


Dungeon Overview and Level Annotations

Branches:
Dungeon (7/15)             Bailey (1/1)
 Temple: D:4-7

Altars:
Ashenzari
Cheibriados
Elyvilon
Hepliaklqana
Kikubaaqudgha
Nemelex Xobeh
Okawaru
Qazlal
Uskayaw
Xom
Zin

Shops:
D:5 *


Innate Abilities, Weirdness & Mutations

You are too large for most types of armour.
You have tough skin. (AC +1)


Message History

The ogre completely misses you. The ogre closely misses you.
The ogre hits you with a +0 glaive!
You sock the ogre!
You kill the ogre!
The ogre is no longer more vulnerable to fire.
Your base Staves skill increases to level 1!
Your Armour skill increases to level 3!
You barely miss the ogre.
The ogre is moderately wounded.
The ogre is no longer more vulnerable to fire.
The ogre hits you from afar with a +0 halberd.
The ogre hits you with a +0 glaive!
The ogre hits you from afar with a +0 halberd!
Unknown command.
You barely miss the ogre.
The ogre is moderately wounded.
The ogre hits you from afar with a +0 halberd!
The ogre barely misses you. x2
Unknown command.
You hit the ogre. You burn the ogre.
The ogre is severely wounded.
You sock the ogre!
The ogre suddenly seems more resistant.
The ogre is almost dead.
The ogre hits you from afar with a +0 halberd!
* * * LOW HITPOINT WARNING * * *
The ogre closely misses you. x2
Unknown command.
You hit the ogre.
You kill the ogre!
You hear a splash.
The ogre hits you from afar with a +0 halberd!
* * * LOW HITPOINT WARNING * * *
The ogre closely misses you.
You have reached level 10!
There is a gate leading back out of this place here.
Activating: Foxfire Swarm
Press: ? - help, Dir - look around, f - activate Flames leap up around you!
The ogre barely misses you.
The ogre hits you from afar with a +0 halberd!
You die...

#..# #.....#
#..###.....##
#..~~~..∩...#
♣..~~)......#
♣..~~~......#
♣..~)~).....#
#..~)~..vOvv#
#..###..vvv##
#..# #..Ov@#
..# ##.vv##
.# ##v## ###


You could see 2 ogres.

Vanquished Creatures
  Maggie (D:5)
  Grinder (D:5)
  Sigmund (D:4)
  Eustachio (D:5)
  A steam dragon (D:6)
  Menkaure (D:6)
  3 water moccasins
  Duvessa (D:5)
  A black bear (D:6)
  An ice beast (D:5)
  7 ogres
  A phantom (D:5)
  Blork the orc (D:5)
  A bullfrog (D:6)
  4 scorpions
  Dowan (D:5)
  A jelly (D:5)
  A hound (D:7)
  3 orc priests
  Crazy Yiuf (D:6)
  Jessica (D:2)
  An iguana (D:5)
  Terence (D:2)
  Natasha (D:3)
  4 orc wizards
  9 adders
  3 gnolls (D:6)
  A shadow imp (D:5)
  2 ufetubi (D:5)
  A worm (D:2)
  14 orcs
  4 ball pythons (D:3)
  10 endoplasms
  4 giant cockroaches
  7 goblins
  4 hobgoblins
  7 jackals (D:5)
  3 quokkas (D:1)
  5 bats
  2 frilled lizards
  2 kobolds
  6 rats
125 creatures vanquished.

Notes
Turn   | Place    | Note
-------+----------+-------------------------------------------
     0 | D:1      | monsoonserge the Ogre Cinder Acolyte began the quest for
                  | the Orb.
     0 | D:1      | Reached XP level 1. HP: 24/24 MP: 2/2
   100 | D:1      | Reached XP level 2. HP: 33/33 MP: 3/3
   115 | D:1      | Learned a level 2 spell: Scorch
   642 | D:1      | Found a faded altar of an unknown god.
   652 | D:1      | Reached XP level 3. HP: 40/41 MP: 4/4
   835 | D:2      | Noticed Terence
   849 | D:2      | Killed Terence
   850 | D:2      | Reached skill level 5 in Fighting
   850 | D:2      | Reached XP level 4. HP: 37/50 MP: 1/5
   924 | D:2      | Noticed Jessica
   929 | D:2      | Killed Jessica
   930 | D:2      | Reached skill level 1 in Dodging
  1409 | D:2      | Reached XP level 5. HP: 56/57 MP: 2/7
  2312 | D:3      | Found a snail-covered altar of Cheibriados.
  2341 | D:3      | Noticed Natasha
  2538 | D:3      | Found a broken altar of Ashenzari.
  2594 | D:2      | Reached XP level 6. HP: 15/66 MP: 1/9
  3279 | D:3      | Killed Natasha
  3280 | D:3      | Reached skill level 1 in Evocations
  3353 | D:3      | Found a hide-covered altar of Uskayaw.
  3435 | D:4      | Found an iron altar of Okawaru.
  3437 | D:4      | Noticed Sigmund
  3711 | D:4      | Found a sparkling altar of Nemelex Xobeh.
  4021 | D:4      | Killed Sigmund
  4022 | D:4      | Reached skill level 5 in Fire Magic
  4022 | D:4      | Reached XP level 7. HP: 65/74 MP: 3/10
  4193 | D:5      | Entered Level 5 of the Dungeon
  4378 | D:5      | Found Zin's Purification Station.
  4396 | D:5      | Found a glowing silver altar of Zin.
  4423 | D:5      | Found a hazy altar of Hepliaklqana.
  4424 | D:5      | Found a shimmering altar of Xom.
  4425 | D:5      | Noticed a spectral ugly thing
  4457 | D:5      | Reached skill level 6 in Fighting
  4475 | D:5      | Learned a level 3 spell: Swiftness
  4553 | D:5      | Noticed Grinder
  4553 | D:5      | Paralysed by Grinder for 3 turns
  4560 | D:5      | Paralysed by Grinder for 3 turns
  4565 | D:5      | Killed Grinder
  4566 | D:5      | Reached skill level 1 in Air Magic
  4566 | D:5      | Reached XP level 8. HP: 76/83 MP: 1/11
  4725 | D:5      | Reached skill level 5 in Maces & Flails
  5257 | D:5      | Noticed Dowan
  5258 | D:5      | Noticed Duvessa
  5260 | D:6      | Noticed Maggie
  5261 | D:6      | Noticed Eustachio
  5282 | D:6      | Noticed Blork the orc
  5456 | D:5      | Killed Duvessa
  5584 | D:5      | Killed Dowan
  5935 | D:5      | Killed Blork the orc
  5936 | D:5      | Reached XP level 9. HP: 75/92 MP: 3/15
  6125 | D:5      | Killed Maggie
  6282 | D:6      | Reached skill level 5 in Spellcasting
  6349 | D:5      | Killed Eustachio
  6350 | D:5      | Reached skill level 7 in Fighting
  6564 | D:6      | Reached skill level 1 in Armour
  6867 | D:6      | Found a runed translucent door.
  6867 | D:6      | Identified the +2 hammer "Jynaow Xixie" {drain, Str+2}
  6870 | D:6      | Noticed Crazy Yiuf
  6901 | D:6      | Killed Crazy Yiuf
  7031 | D:6      | Noticed Menkaure
  7041 | D:6      | Killed Menkaure
  7051 | D:6      | Found a white marble altar of Elyvilon.
  7348 | D:7      | Found a stormy altar of Qazlal.
  7351 | D:7      | Found an ancient bone altar of Kikubaaqudgha.
  7408 | D:7      | Found a flagged portal.
  7422 | Bailey   | Entered a bailey
  7440 | Bailey   | Reached skill level 1 in Staves
  7444 | Bailey   | HP: 4/94 [ogre/+0 halberd (16)]
  7445 | Bailey   | Reached XP level 10. HP: 5/104 MP: 6/19
  7449 | Bailey   | Slain by an ogre

Illustrated notes

Levels and vault maps discovered:
D:1:      ncdulo_wetmaze, layout_basic, shapermc_ecumenical_altar_notcrosses
D:2:      layout_basic, uniq_terence, uniq_jessica
D:3:      layout_basic, mainiacjoe_overflow_boulevard, general_overflow_altar,
          lemuel_tele_altar, uniq_natasha
D:4:      layout_basic, kennysheep_mini_moat, okawaru_gym_becter, uniq_sigmund
D:5:      minmay_recursive_quarters, layout_basic,
          regret_index_temple_of_mockery, zin_purify, uniq_duvessa, uniq_grinder
D:6:      layout_cave_pools, elyvilon_altar_3, uniq_crazy_yiuf_cottage,
          uniq_blork_the_orc, uniq_eustachio, uniq_menkaure, uniq_maggie
D:7:      layout_basic, mainiacjoe_overflow_cross_hatched,
          lemuel_coloured_pillars_altar, amcnicky_altar_gilded,
          minmay_temple_entry_large_hall, enter_bailey_2, nicolae_shop_clearance
Bailey:   bailey_polearm_enchanted_keep_hellmonk, bailey

Skill      XL: |  1  2  3  4  5  6  7  8  9 |
---------------+----------------------------+-----
Maces & Flails | 3 4 5 6 |  6.3
Fighting       | 5 6 7 |  7.7
Fire Magic     | 3 4 5 6 |  6.0
Dodging        | 1 2 3 4 |  4.6
Spellcasting   | 2 4 6 |  6.0
Evocations     | 1 |  1.0
Air Magic      | 1 2 3 |  3.0
Armour         | 3 |  3.1
Staves         | 1 |  1.2

Action                     |  1- 3 |  4- 6 |  7- 9 | 10-12 || total
---------------------------+-------+-------+-------+-------++-------
  Melee: Mace              |    76 |    58 |    35 |       ||   169
         Punch             |       |     1 |     2 |       ||     3
         Morningstar       |       |       |   196 |       ||   196
         Quarterstaff      |       |       |    21 |       ||    21
   Cast: Scorch            |     5 |    49 |    76 |       ||   130
 Invoke: Foxfire Swarm     |       |       |       |     1 ||     1
 Armour: Robe              |    42 |    23 |   144 |       ||   209
         Swamp dragon scal |       |       |    74 |       ||    74
  Dodge: Dodged            |    39 |    44 |   202 |     1 ||   286
